 Dungeon Crawl Stone Soup version 0.30-a0-341-g682706514a (webtiles) character file.

Game seed: 11131684600133651274

4915 former2023 the Thaumaturge (level 11, -4/85 HPs)
             Began as a Meteoran Earth Elementalist on Nov 2, 2022.
             Was a Priest of Sif Muna.
             Slain by a hornet (9 damage)
             ... on level 11 of the Dungeon.
             The game lasted 00:25:51 (4354 turns).

former2023 the Thaumaturge (MeEE)                   Turns: 4354, Time: 00:25:51

Health: -4/85      AC: 28    Str: 12    XL:     11   Next: 7%
Magic:  23/27      EV:  7    Int: 18    God:    Sif Muna [***...]
Gold:   1411       SH:  5    Dex: 16    Spells: 29/33 levels left

rFire   + . .      SeeInvis .    b - staff of earth
rCold   . . .      Faith    .    (no shield)
rNeg    . . .      Spirit   .    z - +18 Lear's hauberk
rPois   .          Reflect  +    (helmet currently unavailable)
rElec   .          Harm     .    (no cloak)
rCorr   .          Rampage  .    (gloves currently unavailable)
Will    +....                    (boots currently unavailable)
Stlth   ..........               w - amulet of reflection
HPRegen 0.34/turn                e - ring of protection from fire
MPRegen 0.20/turn                (no ring)

@: lethally poisoned (-4 -> -17), slowed, glowing, very slow
A: sense surroundings 2, otherworldly, glowing, explore regen, mutation
resistance 1
a: Renounce Religion, Channel Magic, Forget Spell


You were on level 11 of the Dungeon.
You worshipped Sif Muna.
Sif Muna was most pleased with you.
You visited 2 branches of the dungeon, and saw 13 of its levels.
You also visited: Ossuary.

You collected 1411 gold pieces.

Inventory:

Hand Weapons
 a - a +3 dagger of draining
 h - a +0 spear
 p - a +1 dagger of holy wrath
 x - a +4 falchion
Missiles
 g - 19 poisoned darts
 A - a curare-tipped dart
 H - 2 throwing nets
Armour
 m - a +0 robe
 r - a +1 pair of boots
 s - a +3 leather armour
 u - a +1 helmet
 y - a +2 helmet of see invisible
 z - the +18 Lear's hauberk (worn)
   (You found it on level 6 of the Dungeon)
Magical Staves
 b - a staff of earth (weapon)
 n - a staff of death
Jewellery
 e - a ring of protection from fire (left hand)
 k - an amulet of the acrobat
 w - an amulet of reflection (around neck)
Wands
 t - a wand of polymorph (3)
Scrolls
 d - 5 scrolls of identify
 f - a scroll of magic mapping {unknown}
 l - 3 scrolls of immolation
 q - a scroll of blinking
 F - 2 scrolls of poison {unknown}
 G - a scroll of noise
Potions
 c - 5 potions of magic
 i - 2 potions of brilliance
 j - 2 potions of lignification
 o - 4 potions of curing
 v - 2 potions of haste
 B - 2 potions of berserk rage
 C - a potion of mutation
 D - 2 potions of heal wounds
 E - 2 potions of flight
 I - a potion of ambrosia {unknown}


   Skills:
 + Level 4.9 Fighting
 - Level 3.5 Short Blades
 + Level 6.5 Armour
 + Level 4.7 Dodging
 - Level 1.5 Stealth
 + Level 5.0 Shields
 + Level 2.3 Unarmed Combat
 + Level 11.7 Spellcasting
 - Level 3.0 Conjurations
 - Level 1.2 Transmutations
 - Level 7.1 Earth Magic
 + Level 1.5 Evocations


You had 29 spell levels left.
You knew the following spells:

 Your Spells              Type           Power      Damage    Failure   Level
a - Sandblast             Erth           100%       2d20      10%         1
b - Stone Arrow           Conj/Erth      86%        3d12      56%         3

Your spell library contained the following spells:

 Spells                   Type           Power      Damage    Failure   Level
 Passwall                 Tmut/Erth      31%        N/A       45%         2
 Blink                    Tloc           20%        N/A       95%         2
 Petrify                  Tmut/Erth      38%        N/A       97%         4
 Summon Guardian Golem    Hex/Summ       10%        N/A       99%         3
 Manifold Assault         Tloc           10%        N/A       100%        4
 Orb of Destruction       Conj           10%        9d6       100%        7
 Spellforged Servitor     Conj/Summ      8%         N/A       100%        7
 Storm Form               Tmut/Air       6%         N/A       100%        7


Dungeon Overview and Level Annotations

Branches:
Dungeon (12/15) Zot: 3239  Temple (1/1) D:6 Zot: 406 Ossuary (visited)
   Lair: D:8-11         Orc: D:9-12

Altars:
Ashenzari
Cheibriados
Elyvilon
Fedhas
Gozag
Hepliaklqana
Kikubaaqudgha
Makhleb
Nemelex Xobeh
Okawaru
Qazlal
Ru
Sif Muna
Trog
Uskayaw
Vehumet
Wu Jian
Xom
Yredelemnul
Zin
The Shining One

Shops:
D:3 [

Annotations:
D:2 Sigmund


Innate Abilities, Weirdness & Mutations

You passively map the area around you.
You are easily found by Zot.
You glow in the dark.
You regain HP and MP as you explore.
You are somewhat resistant to further mutation.


Message History

The hornet stings you but does no damage. x2
Casting: Sandblast (safe; 10% risk of failure)
Confirm with . or Enter, or press ? or * to list all spells.
Aiming: Sandblast (safe; 10% risk of failure)
Press: ? - help, Shift-Dir - straight line, f/p - hornet
Aim: a hornet (heavily wounded, 78% to hit)
You feel a surge of power!
The blast of sand hits the hornet!
The hornet is almost dead.
You feel extremely sick. The hornet stings you!
You are more poisoned.
You feel as though you will be slow longer.
The hornet stings you but does no damage. x2
Casting: Sandblast (safe; 10% risk of failure)
Confirm with . or Enter, or press ? or * to list all spells.
Aiming: Sandblast (safe; 10% risk of failure)
Press: ? - help, Shift-Dir - straight line, f/p - hornet
Aim: a hornet (almost dead, 78% to hit)
You feel a surge of power!
The blast of sand misses the hornet.
* * * LOW HITPOINT WARNING * * *
You feel extremely sick. The hornet stings you.
* * * LOW HITPOINT WARNING * * *
You are lethally poisoned!
You feel as though you will be slow longer.
You block the hornet's attack.
The hornet stings you but does no damage.
Unknown command.
Casting: Sandblast (safe; 10% risk of failure)
Confirm with . or Enter, or press ? or * to list all spells.
Aiming: Sandblast (safe; 10% risk of failure)
Press: ? - help, Shift-Dir - straight line, f/p - hornet
Aim: a hornet (almost dead, 78% to hit)
You feel a surge of power!
The blast of sand hits the hornet but does no damage.
The hornet is almost dead.
* * * LOW HITPOINT WARNING * * *
You feel extremely sick. You block the hornet's attack. The hornet stings you!
You die...

* , , ** *
** * *
##+####### *
* , , ,
#........# ,
, , ,
*#........#
, , ,
#...>....# ,
, , ,,
+<.......# ,
* *
*#........+,
,,,
#...@....#,
, , *
####y##### ,
, , ** #.#
** * * * + *
..# , * +##
* , , * * *
, * * * * *
, , , + ,, ,
,* ,, * , <
,,,, , *
,,<, * ,


You could see a hornet.

Vanquished Creatures
  Harold (D:10)
  An unseen horror (D:10)
  A troll (D:6)
  Prince Ribbit (D:5)
  2 steam dragons (D:7)
  6 vampire mosquitoes (D:10)
  2 water moccasins
  Duvessa (D:5)
  2 sky beasts
  An orc warrior (D:7)
  2 centaurs
  A phantom (D:6)
  2 kobold brigands
  A gnoll sergeant (D:5)
  A necrophage (D:5)
  2 bullfrogs
  3 scorpions
  5 water moccasin zombies (Ossuary)
  3 wights (D:7)
  Dowan (D:5)
  6 killer bees
  2 howler monkeys (D:9)
  A jelly (D:4)
  3 orc priests
  2 iguanas
  An orc wizard (D:4)
  2 mummies (Ossuary)
  6 gnolls
  12 adders
  3 white imps
  5 adder zombies (Ossuary)
  3 dart slugs
  20 orcs
  5 bats
  3 endoplasms
  2 giant cockroaches
  2 hobgoblins (D:2)
  3 jackals (D:1)
  11 kobolds
  2 quokkas
  7 ball pythons
  3 frilled lizards
  A gnoll zombie (Ossuary)
  3 goblins
  4 hobgoblin zombies (Ossuary)
  6 kobold zombies (Ossuary)
  7 orc zombies (Ossuary)
  5 rats
169 creatures vanquished.

Vanquished Creatures (others)
  An orc (D:7)
1 creature vanquished.

Grand Total: 170 creatures vanquished

Notes
Turn   | Place    | Note
-------+----------+-------------------------------------------
     0 | D:1      | former2023 the Meteoran Earth Elementalist began the quest
                  | for the Orb.
     0 | D:1      | Reached XP level 1. HP: 14/14 MP: 5/5
   115 | D:1      | Reached XP level 2. HP: 19/20 MP: 2/6
   364 | D:1      | Reached skill level 3 in Spellcasting
   422 | D:2      | Reached XP level 3. HP: 26/26 MP: 6/8
   426 | D:2      | Learned a level 3 spell: Stone Arrow
   508 | D:2      | Reached XP level 4. HP: 33/33 MP: 8/10
   588 | D:2      | Noticed Sigmund
   719 | D:3      | Reached skill level 4 in Spellcasting
   795 | D:3      | Found Leqoost's Armour Boutique.
   887 | D:3      | Reached XP level 5. HP: 27/38 MP: 6/12
  1075 | D:4      | Reached skill level 5 in Earth Magic
  1205 | D:4      | Reached skill level 5 in Spellcasting
  1230 | D:4      | Noticed a sky beast
  1236 | D:4      | Reached XP level 6. HP: 45/45 MP: 11/14
  1241 | D:4      | Killed a sky beast
  1295 | D:4      | Reached skill level 6 in Spellcasting
  1295 | D:4      | Reached XP level 7. HP: 51/51 MP: 12/17
  1820 | D:5      | Entered Level 5 of the Dungeon
  1889 | D:6      | Noticed a water moccasin
  1902 | D:6      | Killed a water moccasin
  1903 | D:6      | Reached skill level 1 in Conjurations
  1943 | D:6      | Reached skill level 1 in Armour
  1943 | D:6      | Reached skill level 7 in Spellcasting
  1943 | D:6      | Reached XP level 8. HP: 51/58 MP: 4/19
  1993 | D:6      | Noticed a troll
  1998 | D:6      | Killed a troll
  1999 | D:6      | Found the +18 Lear's hauberk
  2060 | D:6      | Found a staircase to the Ecumenical Temple.
  2074 | Temple   | Entered the Ecumenical Temple
  2239 | Temple   | Became a worshipper of Sif Muna the Loreminder
  2270 | D:6      | Found a sand-covered staircase.
  2279 | Ossuary  | Entered an ossuary
  2321 | Ossuary  | Reached skill level 1 in Short Blades
  2376 | Ossuary  | Reached skill level 1 in Fighting
  2482 | Ossuary  | Reached * piety under Sif Muna
  2523 | Ossuary  | Gained mutation: You passively map the area around you.
                  | [Meteoran growth]
  2523 | Ossuary  | Reached XP level 9. HP: 57/64 MP: 19/21
  2527 | Ossuary  | Reached skill level 1 in Shields
  2575 | Ossuary  | Identified a scroll of acquirement
  2575 | Ossuary  | Acquired a staff of earth
  2787 | D:5      | Noticed Prince Ribbit
  2791 | D:5      | Killed Prince Ribbit
  2814 | D:5      | Noticed Dowan
  2816 | D:5      | Noticed Duvessa
  2818 | D:5      | Killed Dowan
  2823 | D:5      | Killed Duvessa
  2828 | D:5      | Gained mutation: You are somewhat resistant to further
                  | mutation. [potion of mutation]
  2920 | D:5      | Reached ** piety under Sif Muna
  3242 | D:7      | Reached skill level 8 in Spellcasting
  3248 | D:7      | Reached skill level 5 in Armour
  3320 | D:7      | Reached XP level 10. HP: 80/80 MP: 19/23
  3358 | D:8      | Noticed a red ugly thing
  3385 | D:7      | Reached skill level 9 in Spellcasting
  3708 | D:8      | Noticed Psyche
  3719 | D:8      | Noticed Psyche
  3721 | D:8      | Killed Psyche the frilled lizard
  3856 | D:9      | Reached skill level 10 in Spellcasting
  3894 | D:10     | Entered Level 10 of the Dungeon
  3985 | D:10     | Reached skill level 1 in Unarmed Combat
  3992 | D:10     | Reached skill level 1 in Evocations
  4001 | D:10     | Killed an unseen horror
  4013 | D:10     | Acquired 917 gold pieces
  4047 | D:10     | Reached *** piety under Sif Muna
  4055 | D:10     | Reached skill level 11 in Spellcasting
  4064 | D:10     | Noticed Harold
  4077 | D:10     | Killed Harold
  4078 | D:10     | Reached skill level 5 in Shields
  4078 | D:10     | Reached XP level 11. HP: 20/85 MP: 17/27
  4349 | D:11     | Paralysed by a hornet for 2 turns
  4354 | D:11     | Slain by a hornet

Illustrated notes

Levels and vault maps discovered:
D:1:      amcnicky_arrival_flooded_fountain, layout_loops_corners
D:2:      layout_rooms, ebering_ecumenical_altar_sacrificial, minmay_domino_4,
          uniq_sigmund, uniq_robin
D:3:      layout_basic, serial_shops, shop_fountains, minmay_misc_feat_ornament
D:4:      layout_basic
D:5:      layout_basic, uniq_prince_ribbit1, uniq_duvessa
D:6:      layout_rooms, minmay_temple_entry_statues_fountains,
          lightli_ossuary_entry_decrepit_ruins, hellmonk_guarded_unrand_lears
D:7:      layout_loops_ring, minmay_misc_feat_more_columns,
          kennysheep_generic_room_16
D:8:      layout_loops_ring, kennysheep_island_fort, uniq_pikel, uniq_maurice,
          uniq_psyche
D:9:      layout_roguey, grunt_dithmenos_smoke_and_mirrors, orc_0_dummy,
          hangedman_abyss_or_decor_clamps, uniq_grum
D:10:     layout_loops_cross, uniq_harold, uniq_joseph
D:11:     layout_roguey, erik_lair_dragon, uniq_josephine
D:12:     layout_irregular_city
Temple:   nicolae_temple_bog_church

Skill      XL: |  1  2  3  4  5  6  7  8  9 10 |
---------------+-------------------------------+-----
Earth Magic    | 4 5 6 7 |  7.1
Spellcasting   | 3 4 5 6 7 8 11 | 11.7
Conjurations   | 2 3 |  3.0
Armour         | 1 3 5 6 |  6.5
Short Blades   | 3 |  3.5
Fighting       | 1 4 |  4.9
Dodging        | 3 4 |  4.7
Shields        | 4 5 |  5.0
Unarmed Combat | 2 |  2.3
Evocations     | 1 |  1.5
Stealth        | |  1.5
Transmutations | |  1.2

Action                   |  1- 3 |  4- 6 |  7- 9 | 10-12 || total
-------------------------+-------+-------+-------+-------++-------
Melee: Unarmed           |     2 |       |       |    26 ||    28
       Dagger            |       |     5 |   190 |       ||   195
 Cast: Sandblast         |    36 |    41 |    69 |    72 ||   218
       Stone Arrow       |       |     5 |    36 |     1 ||    42
Evoke: Wand              |       |       |       |     7 ||     7
  Use: Scroll            |       |       |    10 |     1 ||    11
       Potion            |       |       |     9 |     1 ||    10
 Stab: Paralysed         |       |       |       |     4 ||     4
       Confused          |       |       |       |     1 ||     1
Armor: Robe              |     2 |     3 |       |       ||     5
       Leather armour    |       |       |     6 |       ||     6
       Chain mail        |       |       |   130 |    48 ||   178
       Skin              |       |       |     2 |       ||     2
Dodge: Dodged            |     7 |    15 |    49 |    26 ||    97
Block: Other             |       |       |    25 |    16 ||    41

Table legend: (Time is in decaauts)
 A = Elapsed time spent in this place.
 B = Non-inter-level travel time spent in this place.
 C = Inter-level travel time spent in this place.
 D = Time resting spent in this place.
 E = Time spent auto-exploring this place.
 F = Levels seen in this place.
 G = Mean time per level.
                   A        B        C        D        E       F      G
               +--------+--------+--------+--------+--------+-----+--------+
         Total |   4441 |   4254 |    187 |      6 |   2903 |  14 |  317.2 |
       Dungeon |   3958 |   3813 |    145 |      6 |   2697 |  12 |  329.8 |
        Temple |    193 |    151 |     42 |      0 |    131 |   1 |  193.0 |
       Ossuary |    289 |    289 |      0 |      0 |     74 |   1 |  289.0 |
               +--------+--------+--------+--------+--------+-----+--------+

Top non-repeatable levels by time:
     D:7: 666 daAuts
     D:4: 641 daAuts
     D:3: 513 daAuts
     D:1: 470 daAuts
     D:5: 441 daAuts
    D:10: 431 daAuts
     D:6: 305 daAuts
 Ossuary: 289 daAuts
     D:2: 234 daAuts
  Temple: 193 daAuts
     D:8: 121 daAuts
     D:9: 87 daAuts
    D:11: 22 daAuts
    D:12: 21 daAuts
